 Dungeon Crawl Stone Soup version 0.25-a0-258-g6d7e32a812 (console) character file.

Game seed: 15342035393471235767, levelgen mode: deterministic

87903 Kagalorn the Protected (level 15, 75/118 HPs)
             Began as a Gnoll Air Elementalist on Dec 5, 2019.
             Was an Initiate of Gozag.
             Quit the game on level 1 of the Snake Pit on Dec 6, 2019.
             The game lasted 02:10:10 (33324 turns).

Kagalorn the Protected (Gnoll Air Elementalist)    Turns: 33324, Time: 02:10:10

Health: 75/118     AC: 24    Str: 10    XL:     15   Next: 92%
Magic:  8/30       EV: 15    Int: 30    God:    Gozag
Gold:   756        SH:  7    Dex: 16    Spells: 20/36 levels left

rFire    . . .     SeeInvis .   a - +4 scimitar (slice)
rCold    . . .     Gourm    .   u - +0 buckler
rNeg     + . .     Faith    .   M - +4 scale mail {rPois}
rPois    +         Spirit   .   Y - +2 hat
rElec    .         Reflect  .   B - +0 cloak
rCorr    .         Harm     .   Z - +0 pair of gloves
MR       ++++.     Clarity  +   b - +2 pair of boots {Stlth+}
Stlth    ++++......             L - amulet of the Four Winds {rN+ MR+++ Clar}
HPRegen  0.29/turn              I - +6 ring of intelligence
MPRegen  0.22/turn              X - ring of wizardry

@: studying 2 skills
A: distributed training, fangs 1, icy blue scales 1, blink, strong nose
a: Blink, Potion Petition, Call Merchant, Bribe Branch, Renounce Religion


You were on level 1 of the Snake Pit.
You worshipped Gozag.
Gozag was pleased with you.
You were not hungry.

You visited 5 branches of the dungeon, and saw 24 of its levels.

You collected 7963 gold pieces.
You spent 4009 gold pieces at shops.
You paid 3198 gold pieces to Gozag.

Inventory:

Hand Weapons
 a - a +4 scimitar of slicing (weapon)
 w - the +9 war axe of Resourcefulness {freeze, rF+++ rN+ Str-5 Int+8}
   (You found it on level 14 of the Dungeon)

   It has been specially enchanted to freeze those struck by it, causing extra
   injury to most foes and up to half again as much damage against particularly
   susceptible opponents.
   It can also slow down cold-blooded creatures.
   It affects your strength (-5).
   It affects your intelligence (+8).
   It renders you almost immune to fire.
   It protects you from negative energy.
 H - a +2 longbow of flaming
Missiles
 d - 114 bolts
 e - 523 arrows
 h - 432 stones
 E - 58 sling bullets
 G - 13 silver javelins (quivered)
Armour
 b - a +2 pair of boots of stealth (worn)
 u - a +0 buckler (worn)
 B - a +0 cloak (worn)
 M - a +4 scale mail of poison resistance (worn)
 U - the +1 scale mail "Ufaik" {+Inv rF+ rCorr SInv}
   (You bought it in a shop on level 1 of the Lair of Beasts)

   It protects you from fire.
   It lets you see invisible.
   It lets you turn invisible.
   It provides partial protection from all sources of acid and corrosion.
 Y - a +2 hat (worn)
 Z - a +0 pair of gloves (worn)
Jewellery
 n - an uncursed ring of poison resistance
 I - a +6 ring of intelligence (left hand)
 L - the amulet of the Four Winds (around neck) {rN+ MR+++ Clar}
   (You found it on level 7 of the Dungeon)

   [amulet of nothing]

   It protects you from negative energy.
   It affects your resistance to hostile enchantments.
   It protects you against confusion.
 S - an uncursed ring of ice
 X - a ring of wizardry (right hand)
Wands
 v - a wand of acid (17)
 A - a wand of iceblast (13)
 Q - a wand of paralysis (30)
 R - a wand of digging (3)
Scrolls
 j - 5 scrolls of enchant weapon
 k - 4 scrolls of blinking
 l - a scroll of silence
 q - 5 scrolls of enchant armour
 s - 8 scrolls of teleportation
 y - 5 scrolls of magic mapping
 C - 6 scrolls of remove curse
 D - a scroll of fog
 V - 5 scrolls of identify
Potions
 f - 8 potions of curing
 g - 3 potions of haste
 i - a potion of agility
 m - a potion of ambrosia
 o - a potion of magic
 r - 2 potions of lignification
 t - 3 potions of cancellation
 x - 2 potions of might
 z - 2 potions of flight
 F - 5 potions of brilliance
 K - 4 potions of heal wounds
 W - a potion of invisibility
Books
 p - a manual of Fighting
 N - a manual of Armour
Miscellaneous
 P - a phantom mirror
Comestibles
 c - 15 rations


   Skills:
 + Level 11.1 Fighting
 + Level 10.2 Short Blades
 + Level 10.2 Long Blades
 + Level 10.2 Axes
 + Level 10.2 Maces & Flails
 + Level 10.2 Polearms
 + Level 10.2 Staves
 + Level 10.2 Slings
 + Level 10.2 Bows
 + Level 10.2 Crossbows
 + Level 10.2 Throwing
 + Level 12.9 Armour
 + Level 11.1 Dodging
 + Level 11.0 Stealth
 + Level 10.2 Shields
 + Level 10.2 Unarmed Combat
 + Level 11.3 Spellcasting
 + Level 9.0 Conjurations
 + Level 8.6 Hexes
 + Level 8.6 Charms
 + Level 8.6 Summonings
 + Level 8.6 Necromancy
 + Level 8.6 Translocations
 + Level 8.6 Transmutations
 + Level 8.6 Fire Magic
 + Level 8.6 Ice Magic
 + Level 10.2 Air Magic
 + Level 8.6 Earth Magic
 + Level 8.6 Poison Magic
 + Level 11.1 Invocations
 + Level 10.2 Evocations


You had 20 spell levels left.
You knew the following spells:

 Your Spells              Type           Power        Failure   Level  Hunger
a - Shock                 Conj/Air       ####         1%          1    None
b - Static Discharge      Conj/Air       ######..     1%          3    None
c - Airstrike             Air            ######....   1%          4    None
d - Conjure Flame         Conj/Fire      ######..     1%          3    None
e - Mephitic Cloud        Conj/Pois/Air  ######..     1%          3    None
g - Swiftness             Chrm/Air       ######..     1%          2    None

Your spell library contained the following spells:

 Spells                   Type           Power        Failure   Level  Hunger
 Apportation              Tloc           ######       1%          1    None
 Confusing Touch          Hex            ######       1%          1    None
 Corona                   Hex            ######.      1%          1    None
 Foxfire                  Conj/Fire      ####         1%          1    None
 Freeze                   Ice            ####         1%          1    None
 Sting                    Tmut/Pois      ####         1%          1    None
 Summon Butterflies       Summ           ######..     1%          1    None
 Ensorcelled Hibernation  Hex/Ice        ######       1%          2    None
 Poisonous Vapours        Pois/Air       ######       1%          2    None
 Slow                     Hex            ######..     1%          2    None
 Confuse                  Hex            ######..     1%          3    None
 Dazzling Flash           Conj/Hex       ######       1%          3    None
 Gell's Gravitas          Tloc           ######....   1%          3    None
 Ignite Poison            Fire/Tmut/Pois ######..     1%          3    None
 Inner Flame              Hex/Fire       ######..     1%          3    None
 Lesser Beckoning         Tloc           ######....   1%          3    None
 Ozocubu's Armour         Chrm/Ice       ######..     1%          3    None
 Portal Projectile        Hex/Tloc       ######       1%          3    None
 Tukima's Dance           Hex            ######..     1%          3    None
 Cause Fear               Hex            ######....   1%          4    None
 Hailstorm                Conj/Ice       ######..     1%          4    None
 Leda's Liquefaction      Hex/Erth       ######....   1%          4    None
 Olgreb's Toxic Radiance  Pois           ######..     1%          4    None
 Petrify                  Tmut/Erth      ######..     1%          4    None
 Sticky Flame             Conj/Fire      ######..     1%          4    None
 Summon Ice Beast         Ice/Summ       ######..     1%          4    None
 Lightning Bolt           Conj/Air       ######....   2%          5    ###....
 Alistair's Intoxication  Tmut/Pois      ######..     4%          5    ###....
 Bolt of Magma            Conj/Fire/Erth ######....   4%          5    ###....
 Fireball                 Conj/Fire      ######....   4%          5    ###....
 Metabolic Englaciation   Hex/Ice        ######....   4%          5    ###....
 Yara's Violent Unravell  Hex/Tmut       ######....   4%          5    ###....
 Invisibility             Hex            ######..     21%         6    #####..
 Iron Shot                Conj/Erth      ######....   21%         6    #####..
 Starburst                Conj/Fire      ######....   21%         6    #####..
 Statue Form              Tmut/Erth      ######...    21%         6    #####..
 Ring of Flames           Chrm/Fire      ######....   71%         7    ######.
 Ignition                 Fire           ######....   100%        8    #######
 Shatter                  Erth           ######....   100%        9    #######


Dungeon Overview and Level Annotations

Branches:
Dungeon (14/15)            Temple (1/1) D:7            Lair (6/6) D:10
  Swamp (0/4) Lair:4        Snake (1/4) Lair:2        Slime (0/5) Lair:5
    Orc (2/2) D:10            Elf (0/3) Orc:2        Vaults (0/5) D:14

Altars:
Ashenzari
Cheibriados
Dithmenos
Elyvilon
Fedhas
Gozag
Hepliaklqana
Kikubaaqudgha
Makhleb
Nemelex Xobeh
Okawaru
Qazlal
Ru
Sif Muna
Trog
Uskayaw
Vehumet
Wu Jian
Xom
Yredelemnul
Zin
The Shining One
Beogh

Shops:
D:5 :   D:10 (*   Orc:2 ?(:*:   Lair:1 [[[(

Portals:
Trove: D:11 (give 7 potions of agility)

Annotations:
D:14 Agnes
Lair:5 exclusion: 2 oklob plants


Innate Abilities, Weirdness & Mutations

Your experience applies equally to all skills.
You have very sharp teeth.
Your uncanny sense of smell can sniff out nearby items.
You are partially covered in icy blue scales. (AC +2)
You can translocate small distances at will.


Message History

You bite the mana viper, but do no damage.
The mana viper is almost dead.
The mana viper bites you.
You feel your power leaking away.
You slash the mana viper!
You kill the mana viper!
Your Conjurations skill increases to level 9!
You now have 756 gold pieces (gained 19).
Things that are here:
a +0 mace; a +0 robe
Found a ration.
Found a fan of gales and a rapier.
Unknown command.
Found a rapier.
c - 15 rations (gained 1)
You see here a fan of gales.
You see here a rapier.
Found a stone staircase leading down.
There is a stone staircase leading down here.
Are you sure you want to abandon this character and quit the game? (Confirm with "yes".)

∆ ####### $
###.....###
##.........##
##...........##
#.............#
##.............##
#..^#...#.......#
#.@.#...#.......#
#...#...#.......#
##.##...#.......#
###...##.......#
....#........#
##........#
##.........#
#..........# .
........)...###


There were no monsters in sight!

Vanquished Creatures
  Kirke (Lair:4)
  Nessos (Lair:5)
  Fannar (Lair:1)
  4 ogre magi (Orc:2)
  9 hydras
  A rakshasa (D:13)
  A merfolk avatar (Lair:6)
  3 centaur warriors
  15 two-headed ogres
  4 death yaks (Lair:5)
  An orc high priest (Orc:1)
  Urug (Lair:4)
  Nergalle (Lair:1)
  A sea snake (Lair:6)
  An unseen horror (D:13)
  A wizard (D:14)
  Pikel (D:9)
  A naga ritualist (Snake:1)
  A mana viper (Snake:1)
  A harpy (Lair:6)
  A wolf spider zombie (D:14)
  3 orc knights
  A cyclops (D:11)
  3 manticores
  4 elephants
  A salamander (Snake:1)
  5 ugly things
  4 black mambas
  2 naga magi (Snake:1)
  A gargoyle (D:12)
  17 spiny frogs
  A freezing wraith (D:10)
  A rime drake (Lair:4)
  2 centaur skeletons
  8 komodo dragons
  A tengu conjurer (D:10)
  5 polar bears
  2 wind drakes (Lair:6)
  4 hornets
  3 meliai (D:13)
  10 trolls
  21 blink frogs
  A bog body (Lair:4)
  4 dream sheep (Lair:6)
  4 slime creatures (D:13)
  8 hippogriffs
  A meliai zombie (D:13)
  Sigmund (D:2)
  4 wyverns
  2 wraiths (D:11)
  3 hogs (Lair:4)
  2 basilisks
  A human (D:10)
  37 yaks
  3 hungry ghosts
  A vampire (D:10)
  5 wargs
  2 swamp worms (Lair:4)
  An acid dragon (D:13)
  A naga (Snake:1)
  17 water moccasins
  A hornet zombie (D:13)
  7 porcupines
  23 orc warriors
  5 ice beasts
  A necrophage (D:7)
  3 sky beasts
  3 phantoms
  13 centaurs
  4 boggarts (Lair:5)
  10 wolves
  32 ogres
  16 crocodiles
  4 big kobolds
  17 bullfrogs
  4 wyvern zombies
  A gnoll sergeant (D:6)
  A wyvern skeleton (D:13)
  A water moccasin skeleton (D:6)
  5 scorpions
  The ghost of hydraslayer the Shooter, a weakling CeHu (D:4)
  9 killer bees
  7 wights
  A howler monkey (D:7)
  2 electric eels
  8 crimson imps
  A bullfrog zombie (D:6)
  3 centaur zombies
  3 jellies
  A quasit (D:10)
  13 orc priests
  4 hounds
  6 bullfrog skeletons
  4 iguanas
  Natasha (twice) (D:2)
  24 orc wizards
  5 worker ants
  A worker ant zombie (D:6)
  Robin (D:2)
  15 adders
  7 gnolls
  2 howler monkey skeletons
  2 oozes
  An adder skeleton (D:7)
  A worm (D:2)
  A dart slug (D:4)
  4 leopard geckos
  86 orcs
  2 ball pythons
  4 giant cockroaches
  19 goblins
  5 hobgoblins
  5 jackals
  15 kobolds
  4 quokkas
  4 bats
  5 frilled lizards
  2 leopard gecko skeletons
  A leopard gecko zombie (D:7)
  A quokka skeleton (D:5)
  7 rats
  A plant (Lair:6)
689 creatures vanquished.

Vanquished Creatures (others)
  3 slaves (D:9)
  An orc priest (Orc:2)
  An orc wizard (D:9)
  A gnoll (D:9)
  2 jackals (D:9)
  A quokka (D:9)
  21 fungi
  25 plants
55 creatures vanquished.

Grand Total: 744 creatures vanquished

Notes
Turn   | Place    | Note
-------+----------+-------------------------------------------
     0 | D:1      | Kagalorn the Gnoll Air Elementalist began the quest for the
                  | Orb.
     0 | D:1      | Reached XP level 1. HP: 13/13 MP: 6/6
   366 | D:1      | Reached XP level 2. HP: 19/19 MP: 4/7
   840 | D:2      | Noticed Natasha
   851 | D:2      | Noticed a crimson imp
   852 | D:2      | Noticed a crimson imp
   854 | D:2      | Killed Natasha
   854 | D:2      | Reached skill level 5 in Spellcasting
   854 | D:2      | Reached skill level 1 in Invocations
   854 | D:2      | Reached XP level 3. HP: 13/25 MP: 0/9
  1085 | D:2      | Noticed Sigmund
  1091 | D:2      | Learned a level 2 spell: Swiftness
  1101 | D:2      | Learned a level 3 spell: Static Discharge
  1112 | D:2      | Noticed Natasha
  1125 | D:2      | Killed Natasha
  1125 | D:2      | Reached skill level 1 in Fighting
  1125 | D:2      | Reached skill level 1 in Short Blades
  1125 | D:2      | Reached skill level 1 in Long Blades
  1125 | D:2      | Reached skill level 1 in Axes
  1125 | D:2      | Reached skill level 1 in Maces & Flails
  1125 | D:2      | Reached skill level 1 in Polearms
  1125 | D:2      | Reached skill level 1 in Staves
  1125 | D:2      | Reached skill level 1 in Slings
  1125 | D:2      | Reached skill level 1 in Bows
  1125 | D:2      | Reached skill level 1 in Crossbows
  1125 | D:2      | Reached skill level 1 in Throwing
  1125 | D:2      | Reached skill level 1 in Armour
  1125 | D:2      | Reached skill level 1 in Shields
  1125 | D:2      | Reached skill level 1 in Unarmed Combat
  1125 | D:2      | Reached skill level 1 in Evocations
  1125 | D:2      | Reached XP level 4. HP: 21/32 MP: 4/11
  1339 | D:2      | Learned a level 4 spell: Airstrike
  1352 | D:2      | Noticed Robin
  1399 | D:2      | Killed Robin
  1399 | D:2      | Reached skill level 1 in Hexes
  1399 | D:2      | Reached skill level 1 in Charms
  1399 | D:2      | Reached skill level 1 in Summonings
  1399 | D:2      | Reached skill level 1 in Necromancy
  1399 | D:2      | Reached skill level 1 in Translocations
  1399 | D:2      | Reached skill level 1 in Transmutations
  1399 | D:2      | Reached skill level 1 in Fire Magic
  1399 | D:2      | Reached skill level 1 in Ice Magic
  1399 | D:2      | Reached skill level 1 in Earth Magic
  1399 | D:2      | Reached skill level 1 in Poison Magic
  1726 | D:2      | Reached XP level 5. HP: 32/37 MP: 6/12
  1864 | D:2      | Killed Sigmund
  1864 | D:2      | Reached XP level 6. HP: 17/44 MP: 0/14
  2182 | D:3      | Reached skill level 5 in Dodging
  2189 | D:3      | Reached skill level 2 in Armour
  2630 | D:3      | Found a glowing golden altar of the Shining One.
  2916 | D:4      | Reached XP level 7. HP: 50/50 MP: 6/15
  3225 | D:4      | Found a runed translucent gate.
  3226 | D:4      | Found a runed translucent gate.
  3227 | D:4      | Found a runed translucent gate.
  3227 | D:4      | Noticed hydraslayer's ghost (weakling CeHu)
  3229 | D:4      | Identified the +3 short sword of Zatohaeq {venom, +Blink
                  | MR- Str+2}
  3605 | D:4      | Reached skill level 5 in Stealth
  3957 | D:4      | Killed hydraslayer's ghost
  3957 | D:4      | Reached XP level 8. HP: 46/57 MP: 1/16
  4054 | D:5      | Entered Level 5 of the Dungeon
  4252 | D:5      | Found Miusaaj's Book Emporium.
  4255 | D:5      | Reached skill level 3 in Armour
  5343 | D:6      | Got a polished mace
  5630 | D:7      | Reached XP level 9. HP: 65/65 MP: 14/18
  5867 | D:7      | Reached skill level 4 in Armour
  6008 | D:7      | Found a staircase to the Ecumenical Temple.
  6018 | Temple   | Entered the Ecumenical Temple
  6235 | Temple   | Became a worshipper of Gozag Ym Sagoz the Greedy
  6539 | D:7      | Found the amulet of the Four Winds {rN+ MR+++ Clar}
  6832 | D:8      | Identified the cursed +0 mace of Courage {pain, rPois rC+}
                  | (You found it on level 6 of the Dungeon)
  7113 | D:8      | Reached skill level 5 in Invocations
  7299 | D:8      | Found a roughly hewn altar of Beogh.
  7571 | D:8      | Reached XP level 10. HP: 73/73 MP: 10/20
  7717 | D:8      | Found a hide-covered altar of Uskayaw.
  8184 | D:9      | Noticed Pikel
  8398 | D:9      | Found the +3 robe of Clouds {+Thunder rCloud rElec}
  8406 | D:9      | Reached skill level 5 in Fighting
  8406 | D:9      | Reached skill level 5 in Short Blades
  8406 | D:9      | Reached skill level 5 in Long Blades
  8406 | D:9      | Reached skill level 5 in Axes
  8406 | D:9      | Reached skill level 5 in Maces & Flails
  8406 | D:9      | Reached skill level 5 in Polearms
  8406 | D:9      | Reached skill level 5 in Staves
  8406 | D:9      | Reached skill level 5 in Slings
  8406 | D:9      | Reached skill level 5 in Bows
  8406 | D:9      | Reached skill level 5 in Crossbows
  8406 | D:9      | Reached skill level 5 in Throwing
  8406 | D:9      | Reached skill level 5 in Armour
  8406 | D:9      | Reached skill level 5 in Shields
  8406 | D:9      | Reached skill level 5 in Unarmed Combat
  8406 | D:9      | Reached skill level 5 in Evocations
  8500 | D:9      | Killed Pikel
  8781 | D:9      | Found a white marble altar of Elyvilon.
  8782 | D:9      | Found a shadowy altar of Dithmenos.
  8852 | D:9      | Found a sacrificial altar of Ru.
  8887 | D:9      | Reached skill level 5 in Conjurations
  9113 | D:10     | Entered Level 10 of the Dungeon
  9251 | D:10     | Noticed a centaur warrior
  9390 | D:10     | Learned a level 3 spell: Mephitic Cloud
  9414 | D:10     | Learned a level 3 spell: Conjure Flame
  9444 | D:10     | Reached XP level 11. HP: 55/81 MP: 7/22
  9656 | D:10     | Killed a centaur warrior
  9656 | D:10     | Reached skill level 6 in Armour
  9792 | D:10     | Found Onila's Antique Weapon Shop.
  9796 | D:10     | Found a staircase to the Lair.
  9926 | D:10     | Bought a crude flail for 314 gold pieces
  9926 | D:10     | Bought a bloodstained arbalest for 351 gold pieces
  9927 | D:10     | Identified the cursed +0 flail "Pendulum" {drain, rN+} (You
                  | bought it in a shop on level 10 of the Dungeon)
  9935 | D:10     | Identified the +3 arbalest of Ipsuoplag {elec, SInv} (You
                  | bought it in a shop on level 10 of the Dungeon)
 10069 | D:10     | Reached skill level 5 in Hexes
 10069 | D:10     | Reached skill level 5 in Charms
 10069 | D:10     | Reached skill level 5 in Summonings
 10069 | D:10     | Reached skill level 5 in Necromancy
 10069 | D:10     | Reached skill level 5 in Translocations
 10069 | D:10     | Reached skill level 5 in Transmutations
 10069 | D:10     | Reached skill level 5 in Fire Magic
 10069 | D:10     | Reached skill level 5 in Ice Magic
 10069 | D:10     | Reached skill level 5 in Earth Magic
 10069 | D:10     | Reached skill level 5 in Poison Magic
 10140 | D:10     | Found Kutiz's Demolitions Depot.
 10650 | D:10     | Found a staircase to the Orcish Mines.
 10717 | Lair:1   | Entered Level 1 of the Lair of Beasts
 11542 | Lair:1   | Reached skill level 7 in Armour
 11814 | Lair:1   | Noticed Nergalle
 11818 | Lair:1   | Killed Nergalle
 12271 | Lair:2   | Noticed Fannar
 12433 | Lair:1   | Killed Fannar
 12827 | Lair:1   | Reached XP level 12. HP: 86/89 MP: 8/24
 13070 | Lair:2   | Reached skill level 8 in Armour
 13186 | Lair:2   | Found a staircase to the Snake Pit.
 13188 | Lair:2   | Got a spiked ring mail
 13205 | Lair:2   | Identified the cursed +1 ring mail of a wizard's laboratory
                  | {rPois rN+ MP+9 Dex-3} (You found it on level 2 of the Lair
                  | of Beasts)
 13319 | Lair:2   | Found a hide-covered altar of Uskayaw.
 15336 | Lair:3   | Found a shimmering blue altar of Sif Muna.
 15742 | Lair:4   | Reached skill level 9 in Armour
 16039 | Lair:4   | Found a staircase to the Swamp.
 16244 | Lair:4   | Noticed Urug
 16309 | Lair:4   | Noticed a five-headed hydra
 16319 | Lair:4   | Killed a five-headed hydra
 16319 | Lair:4   | Reached XP level 13. HP: 43/98 MP: 4/26
 16646 | Lair:4   | Noticed Kirke
 16674 | Lair:4   | Killed Urug
 17033 | Lair:4   | Killed Kirke
 17239 | Lair:4   | You fall into a shaft and drop 1 floor!
 18160 | Lair:5   | Reached skill level 10 in Armour
 18424 | Lair:5   | Noticed Nessos
 18444 | Lair:5   | Killed Nessos
 18921 | Lair:5   | Found a staircase to the Slime Pits.
 19686 | Lair:6   | Entered Level 6 of the Lair of Beasts
 20261 | Lair:5   | Reached skill level 10 in Spellcasting
 20438 | Lair:6   | Reached XP level 14. HP: 84/106 MP: 13/28
 21452 | Lair:6   | Reached skill level 10 in Dodging
 21819 | Lair:6   | Reached skill level 11 in Armour
 22625 | Lair:6   | Reached skill level 10 in Stealth
 23289 | Lair:6   | Reached skill level 10 in Invocations
 23520 | Lair:6   | Got a sparkling zirconium amulet
 23994 | Orc:1    | Entered Level 1 of the Orcish Mines
 23995 | Orc:1    | Upgraded the game from 0.25-a0-253-g6f1b5d974a to
                  | 0.25-a0-258-g6d7e32a812
 24574 | Orc:2    | Entered Level 2 of the Orcish Mines
 24574 | Orc:2    | Found a staircase to the Elven Halls.
 25747 | Orc:2    | Found Yddup's Book Emporium.
 26126 | Orc:1    | HP: 1/108 [two-headed ogre/+0 giant club (13)]
 26945 | Orc:2    | Reached XP level 15. HP: 37/115 MP: 29/29
 27281 | Orc:2    | Reached skill level 10 in Fighting
 27281 | Orc:2    | Reached skill level 12 in Armour
 27379 | Orc:2    | Found Joej Oca's Book Boutique.
 27379 | Orc:2    | Found Joninoum's General Store.
 27387 | Orc:2    | Found Jyolaos's Weapon Boutique.
 27387 | Orc:2    | Found Rucw's Magic Scroll Shoppe.
 27581 | Orc:2    | Bought a scroll of identify for 24 gold pieces
 27581 | Orc:2    | Bought a scroll of silence for 90 gold pieces
 27581 | Orc:2    | Bought a scroll of noise for 12 gold pieces
 27589 | Orc:2    | Identified the amulet of Jouh {Inacc Str+2 SInv} (You found
                  | it on level 6 of the Lair of Beasts)
 27597 | Orc:2    | Bought a scroll of amnesia for 42 gold pieces
 27597 | Orc:2    | Bought a scroll of blinking for 90 gold pieces
 27597 | Orc:2    | Bought a scroll of enchant armour for 90 gold pieces
 27597 | Orc:2    | Bought a scroll of amnesia for 42 gold pieces
 27597 | Orc:2    | Bought a scroll of enchant armour for 90 gold pieces
 27597 | Orc:2    | Bought a scroll of identify for 24 gold pieces
 27599 | Orc:2    | Bought a scroll of identify for 34 gold pieces
 27599 | Orc:2    | Bought a scroll of remove curse for 51 gold pieces
 27599 | Orc:2    | Bought a scroll of identify for 34 gold pieces
 28865 | D:11     | Found a portal to a secret trove of treasure.
 29005 | D:12     | Reached skill level 10 in Air Magic
 29112 | D:11     | Paralysed by a hornet for 2 turns
 30444 | D:13     | Reached skill level 10 in Short Blades
 30444 | D:13     | Reached skill level 10 in Long Blades
 30444 | D:13     | Reached skill level 10 in Axes
 30444 | D:13     | Reached skill level 10 in Maces & Flails
 30444 | D:13     | Reached skill level 10 in Polearms
 30444 | D:13     | Reached skill level 10 in Staves
 30444 | D:13     | Reached skill level 10 in Slings
 30444 | D:13     | Reached skill level 10 in Bows
 30444 | D:13     | Reached skill level 10 in Crossbows
 30444 | D:13     | Reached skill level 10 in Throwing
 30444 | D:13     | Reached skill level 10 in Shields
 30444 | D:13     | Reached skill level 10 in Unarmed Combat
 30444 | D:13     | Reached skill level 10 in Evocations
 30497 | D:13     | Identified the +4 hand axe "Loss" {drain, MP+9 Int+4} (You
                  | found it on level 13 of the Dungeon)
 32027 | D:14     | Identified the +9 war axe of Resourcefulness {freeze, rF+++
                  | rN+ Str-5 Int+8} (You found it on level 14 of the Dungeon)
 32053 | D:14     | Found a gate to the Vaults.
 32446 | D:14     | Noticed Agnes
 32553 | Lair:1   | Bought faintly glowing fire dragon scales for 1625 gold
                  | pieces
 32553 | Lair:1   | Bought a pair of glowing boots for 187 gold pieces
 32553 | Lair:1   | Identified the +1 fire dragon scales of Rationality {rF++
                  | rC- SInv} (You bought it in a shop on level 1 of the Lair
                  | of Beasts)
 32597 | Lair:1   | Bought a diamond-encrusted ring mail for 333 gold pieces
 32608 | Lair:1   | Identified the +4 ring mail "Xotudib" {*Contam rElec rF+
                  | Regen+} (You bought it in a shop on level 1 of the Lair of
                  | Beasts)
 32618 | Lair:1   | Bought a transparent scale mail for 288 gold pieces
 32618 | Lair:1   | Bought a faintly glowing ring mail for 288 gold pieces
 32638 | Lair:1   | Identified the cursed +1 ring mail of the Robin {Regen+
                  | Str+2} (You bought it in a shop on level 1 of the Lair of
                  | Beasts)
 32641 | Lair:1   | Gained mutation: You are weak. (Str -2) [mutagenic glow]
 32653 | Lair:1   | Identified the +1 scale mail "Ufaik" {+Inv rF+ rCorr SInv}
                  | (You bought it in a shop on level 1 of the Lair of Beasts)
 32750 | Lair:1   | Lost mutation: You are weak. (Str -2) [potion of mutation]
 32750 | Lair:1   | Gained mutation: You can translocate small distances at
                  | will. [potion of mutation]
 32750 | Lair:1   | Gained mutation: You are partially covered in icy blue
                  | scales. (AC +2) [potion of mutation]
 32805 | Snake:1  | Entered Level 1 of the Snake Pit
 33324 | Snake:1  | Quit the game

Levels and vault maps discovered:
D:1:      elethiomel_arrival_infinity_welcomes_careful_drivers,
          layout_loops_ring
D:2:      layout_basic, uniq_sigmund, uniq_robin, uniq_natasha
D:3:      layout_basic, nicolae_overflow_hidden_temple
D:4:      layout_loops_cross, gammafunk_ghost_nasty_kobolds, first_ration
D:5:      layout_basic, serial_shops, nicolae_shop_waterfront,
          minmay_hedge_maze, minmay_ogre_servants
D:6:      layout_gridville
D:7:      layout_basic, minmay_temple_entry_waves, serial_glass,
          glass_columns_a, glass_columns_a
D:8:      layout_basic, nicolae_overflow_crystal_walls, special_room
          [special_room_orc]
D:9:      layout_rooms, gammafunk_temple_overflow_pools,
          nicolae_ru_great_annihilating_truth, uniq_pikel
D:10:     minmay_cut_squares, layout_rooms, erik_lair_orcish_takeover,
          david_orc_4, serial_shops, shop, nicolae_blasting_shop,
          corexii_hall_statues_u, grunt_pizzeria
D:11:     layout_rooms, nicolae_trove_entry_crossroad, minmay_fountain_box,
          mrwooster_statue_mirror
D:12:     layout_basic
D:13:     layout_basic, serial_corexii_hall, chequers_hall_statues_y,
          chequers_hall_statues_corner_a, corexii_hall_statues_s,
          corexii_hall_statues_i
D:14:     layout_cross, uniq_agnes
Temple:   dpeg_five_rooms_temple
Lair:1:   layout_chaotic_city, uniq_nergalle
Lair:2:   layout_regular_city, minmay_snake_entry_six_corridors, basic_altar,
          uniq_fannar
Lair:3:   layout_chaotic_city, basic_altar, infiniplex_staircase_pool
Lair:4:   layout_cave_pods, nicolae_swamp_entry_splash_gauntlet, uniq_kirke,
          uniq_urug
Lair:5:   layout_hall_layers, minmay_slime_entry_oklob_open,
          serial_bayou_pond_d, kilobyte_rumbling_trees, grunt_megastairs_5,
          uniq_nessos
Lair:6:   gammafunk_lair_ancient_temple, layout_small_grid
Snake:1:  layout_gridlike, serial_shops, nicolae_shop_behind_doors,
          nicolae_large_snake_swirl, grunt_megastairs_2, serial_bayou_shore_b,
          minmay_shop_grove
Orc:1:    layout_caves, mines2_lemuel
Orc:2:    st_orc_ogre_mass, layout_diamond_mine, serial_shops, shop

Skill      XL: |  1  2  3  4  5  6  7  8  9 10 11 12 13 14 15 |
---------------+----------------------------------------------+-----
Conjurations   | 2 3 4 5 6 7 8 9 |  9.0
Spellcasting   | 5 6 7 8 9 10 11 | 11.3
Invocations    | 1 2 3 4 5 6 7 8 9 10 11 | 11.1
Fighting       | 1 2 3 4 5 6 7 8 9 11 | 11.1
Short Blades   | 1 2 3 4 5 6 7 8 9 10 | 10.2
Long Blades    | 1 2 3 4 5 6 7 8 9 10 | 10.2
Axes           | 1 2 3 4 5 6 7 8 9 10 | 10.2
Maces & Flails | 1 2 3 4 5 6 7 8 9 10 | 10.2
Polearms       | 1 2 3 4 5 6 7 8 9 10 | 10.2
Staves         | 1 2 3 4 5 6 7 8 9 10 | 10.2
Slings         | 1 2 3 4 5 6 7 8 9 10 | 10.2
Bows           | 1 2 3 4 5 6 7 8 9 10 | 10.2
Crossbows      | 1 2 3 4 5 6 7 8 9 10 | 10.2
Throwing       | 1 2 3 4 5 6 7 8 9 10 | 10.2
Armour         | 1 2 3 4 5 7 9 10 11 12 | 12.9
Shields        | 1 2 3 4 5 6 7 8 9 10 | 10.2
Unarmed Combat | 1 2 3 4 5 6 7 8 9 10 | 10.2
Evocations     | 1 2 3 4 5 6 7 8 9 10 | 10.2
Hexes          | 1 2 3 4 5 6 7 8 |  8.6
Charms         | 1 2 3 4 5 6 7 8 |  8.6
Summonings     | 1 2 3 4 5 6 7 8 |  8.6
Necromancy     | 1 2 3 4 5 6 7 8 |  8.6
Translocations | 1 2 3 4 5 6 7 8 |  8.6
Transmutations | 1 2 3 4 5 6 7 8 |  8.6
Fire Magic     | 1 2 3 4 5 6 7 8 |  8.6
Ice Magic      | 1 2 3 4 5 6 7 8 |  8.6
Earth Magic    | 1 2 3 4 5 6 7 8 |  8.6
Poison Magic   | 1 2 3 4 5 6 7 8 |  8.6
Dodging        | 5 6 7 8 9 10 11 | 11.1
Stealth        | 5 6 7 8 9 10 11 | 11.0
Air Magic      | 6 7 8 9 10 | 10.2

Action                   |  1- 3 |  4- 6 |  7- 9 | 10-12 | 13-15 || total
-------------------------+-------+-------+-------+-------+-------++-------
Melee: Unarmed           |     4 |       |       |       |       ||     4
       Short sword       |     1 |     8 |       |       |       ||     9
       Bite              |       |     4 |    10 |    21 |   115 ||   150
       Hand axe          |       |    15 |    51 |       |       ||    66
       Punch             |       |     1 |     2 |     1 |       ||     4
       War axe           |       |       |    13 |   158 |    38 ||   209
       Scimitar          |       |       |       |       |   711 ||   711
 Fire: Arbalest          |       |       |       |     5 |       ||     5
Throw: Dart              |       |       |     7 |     2 |       ||     9
 Cast: Shock             |    43 |    54 |   285 |   653 |   749 ||  1784
       Airstrike         |       |     8 |    21 |    23 |    92 ||   144
       Static Discharge  |       |       |       |    40 |    95 ||   135
       Mephitic Cloud    |       |       |       |     6 |     6 ||    12
       Conjure Flame     |       |       |       |     8 |    23 ||    31
       Swiftness         |       |       |       |       |     1 ||     1
Invok: Call Merchant     |       |       |       |       |     4 ||     4
Evoke: Wand              |       |       |       |     1 |     3 ||     4
  Use: Scroll            |       |       |    15 |    14 |     9 ||    38
       Potion            |       |       |       |       |     2 ||     2
 Stab: Sleeping          |       |     1 |     2 |       |     4 ||     7
       Confused          |       |       |       |     1 |     9 ||    10
       Distracted        |       |       |       |     2 |     4 ||     6
       Paralysed         |       |       |       |       |    15 ||    15
  Eat: Chunk             |       |     7 |     9 |       |       ||    16
       Ration            |       |       |     2 |    10 |    17 ||    29
Armor: Robe              |     4 |     6 |    20 |    21 |       ||    51
       Scale mail        |       |       |       |   185 |   515 ||   700
       Ring mail         |       |       |       |     3 |       ||     3
Dodge: Dodged            |    11 |    33 |   116 |   354 |   766 ||  1280
Block: Buckler           |       |       |       |    92 |   399 ||   491
       Rpst.: Scimitar   |       |       |       |       |   181 ||   181

Table legend:
 A = Non-vault XP
 B = Vault XP
 C = Vault XP percentage of total XP
 D = Non-vault monster count
 E = Vault monster count
 F = Vault count percentage of total count
                 A         B        C        D         E       F
            +---------+---------+-------+---------+---------+-------
      Total |   80478 |   45098 |  35.9 |     496 |     193 |  28.0
            +---------+---------+-------+---------+---------+-------
        D:1 |      29 |       0 |   0.0 |      16 |       0 |   0.0
        D:2 |      98 |     296 |  75.1 |      15 |      13 |  46.4
        D:3 |      80 |       0 |   0.0 |      16 |       0 |   0.0
        D:4 |     356 |     355 |  49.9 |      17 |       8 |  32.0
        D:5 |     225 |     136 |  37.7 |      10 |       9 |  47.4
        D:6 |     757 |       0 |   0.0 |      18 |       0 |   0.0
        D:7 |    1465 |       0 |   0.0 |      22 |       0 |   0.0
        D:8 |     959 |     639 |  40.0 |      23 |      26 |  53.1
        D:9 |    1867 |     847 |  31.2 |      27 |       6 |  18.2
       D:10 |    1665 |    4020 |  70.7 |      14 |      33 |  70.2
       D:11 |    4650 |       0 |   0.0 |      22 |       0 |   0.0
       D:12 |    4539 |       0 |   0.0 |      32 |       0 |   0.0
       D:13 |   12725 |       0 |   0.0 |      40 |       0 |   0.0
       D:14 |    3119 |       0 |   0.0 |      12 |       0 |   0.0
     Lair:1 |    3365 |    1819 |  35.1 |      18 |       2 |  10.0
     Lair:2 |    4121 |    1307 |  24.1 |      16 |      12 |  42.9
     Lair:3 |    4174 |       0 |   0.0 |      22 |       0 |   0.0
     Lair:4 |    5914 |    4213 |  41.6 |      23 |       9 |  28.1
     Lair:5 |   10049 |    4930 |  32.9 |      28 |      16 |  36.4
     Lair:6 |   11000 |    8361 |  43.2 |      34 |      20 |  37.0
    Snake:1 |    2763 |       0 |   0.0 |       6 |       0 |   0.0
      Orc:1 |    4336 |    2804 |  39.3 |      51 |       5 |   8.9
      Orc:2 |    2222 |   15371 |  87.4 |      14 |      34 |  70.8
            +---------+---------+-------+---------+---------+-------
